 Dungeon Crawl Stone Soup version 0.28.0-47-ge53b351184 (webtiles) character file.

Game seed: 2867469056466808327

2117 styxcanada the Covert (level 9, -22/44 HPs)
             Began as a Spriggan Brigand on May 8, 2022.
             Was an Initiate of Gozag.
             Killed from afar by Erica (37 damage)
             ... with a bolt of poison
             ... on level 8 of the Dungeon.
             The game lasted 00:28:45 (7788 turns).

styxcanada the Covert (Spriggan Brigand)            Turns: 7788, Time: 00:28:47

Health: -22/44     AC:  4    Str:  7    XL:     9   Next: 8%
Magic:  10/10      EV: 22    Int: 12    God:    Gozag
Gold:   341        SH:  0    Dex: 27    Spells: 7/8 levels left

rFire   . . .      SeeInvis +   a - +3 dagger (elec)
rCold   . . .      Faith    .   (no shield)
rNeg    + . .      Spirit   .   t - +2 robe {rN+}
rPois   .          Reflect  .   (helmet restricted)
rElec   .          Harm     .   s - scarf {+Inv}
rCorr   .          Rampage  .   (gloves unavailable)
Will    +....                   (boots unavailable)
Stlth   ++........              (no amulet)
HPRegen 0.14/turn               o - +6 ring of dexterity
MPRegen 0.12/turn               (no ring)

@: confused, lethally poisoned (-22 -> -35), very quick
A: very small, no large weapons, unfitting armour, see invisible, speed 3
a: Renounce Religion, Evoke Invisibility, Potion Petition, Call Merchant, Bribe
Branch


You were on level 8 of the Dungeon.
You worshipped Gozag.
Gozag was aware of your devotion.
You visited 2 branches of the dungeon, and saw 9 of its levels.

You collected 474 gold pieces.
You spent 14 gold pieces at shops.
You paid 119 gold pieces to Gozag.

Inventory:

Hand Weapons
 a - a +3 dagger of electrocution (weapon)
 r - a +0 hunting sling of flaming
 u - the +6 trident of Descent {vorpal, rF+ rCorr Dex+2}
   (You found it on level 8 of the Dungeon)

   It inflicts extra damage upon your enemies.
   Dex:       It affects your dexterity (+2).
   rF:        It protects you from fire.
   rCorr:     It protects you from acid and corrosion.
 C - a +3 scimitar
Missiles
 d - 7 poisoned darts (quivered)
 e - a curare-tipped dart
 k - 127 stones
 v - 41 sling bullets
 D - 3 boomerangs
Armour
 c - a +1 cloak
 s - a scarf of invisibility (worn)
 t - a +2 robe of positive energy (worn)
Jewellery
 i - an amulet of regeneration
 o - a +6 ring of dexterity (left hand)
 w - an amulet of guardian spirit
Wands
 y - a wand of digging (9)
 F - a wand of acid (13)
Scrolls
 j - 2 scrolls of identify
 q - 2 scrolls of teleportation
Potions
 b - a potion of magic {unknown}
 f - a potion of curing
 g - 3 potions of heal wounds
 h - a potion of brilliance
 l - 2 potions of mutation
 m - 2 potions of haste
 n - a potion of ambrosia
 p - a potion of might {unknown}
 z - a potion of berserk rage {unknown}
 A - a potion of attraction {unknown}
 B - 2 potions of cancellation {unknown}


   Skills:
 + Level 3.4 Fighting
 + Level 4.5 Short Blades
 + Level 2.0(3.6) Slings
 + Level 3.8(4.0) Throwing
 * Level 5.5 Dodging
 * Level 13.6 Stealth
 * Level 5.0 Evocations


You had 7 spell levels left.
You knew the following spells:

 Your Spells              Type           Power      Damage    Failure   Level
a - Foxfire               Conj/Fire      0%         2x1d4     32%         1

Your spell library contained the following spells:

 Spells                   Type           Power      Damage    Failure   Level
 Conjure Flame            Conj/Fire      0%         6-21      69%         3
 Inner Flame              Hex/Fire       0%         N/A       69%         3
 Ozocubu's Armour         Ice            0%         N/A       69%         3
 Flame Wave               Conj/Fire      0%         2d4       97%         4
 Ozocubu's Refrigeration  Ice            0%         4d5       100%        7


Dungeon Overview and Level Annotations

Branches:
Dungeon (8/15)             Temple (1/1) D:7
   Lair: D:8-11

Altars:
Ashenzari
Cheibriados
Dithmenos
Elyvilon
Fedhas
Gozag
Hepliaklqana
Makhleb
Nemelex Xobeh
Qazlal
Sif Muna
Uskayaw
Vehumet
Yredelemnul
Zin
The Shining One

Shops:
D:1 (   D:3 !

Annotations:
D:3 1 runed translucent door, mitchisshort's ghost, amateur FoFi
D:8 Erica


Innate Abilities, Weirdness & Mutations

You are very small and have problems with some larger weapons.
You are too small for most types of armour.
You have supernaturally acute eyesight. (SInv)
You cover ground extremely quickly. (Speed+++)


Message History

The bullfrog completely misses you.
You hit Erica.
Erica is moderately wounded.
Erica mumbles some strange words.
Erica flickers and vanishes for a moment.
The bullfrog completely misses you.
You hit Erica.
Erica is heavily wounded.
The bullfrog completely misses you. Erica barely misses you.
You hit Erica but do no damage. Lightning courses through Erica!
Erica is severely wounded.
The bullfrog misses you.
Erica hits you with a +3 scimitar of flaming!
Erica burns you.
You barely miss Erica.
Erica is severely wounded.
The bullfrog hits you but does no damage.
The bullfrog misses you.
You hit Erica.
Erica is severely wounded.
Erica misses you. The bullfrog closely misses you.
You hit Erica.
Erica is severely wounded.
Erica misses you. The bullfrog hits you.
You hit Erica.
Erica is severely wounded.
The bullfrog hits you! Erica gestures at you while chanting.
You are confused.
You're too confused to cast spells.
You are too confused!
You are too confused!
The bullfrog closely misses you.
You're too confused to move!
The bullfrog completely misses you.
Erica points at you and mumbles some strange words.
The bolt of poison hits you!!!
You are poisoned.
Ouch! That really hurt!
You die...
Your body crumbles into a pile of gold.

#.# .#
#.#..#
#.#..#
#.#..#
##.#..#
.....#
#@..##.#
#.F# #.#
###@.# #.#
#....# #.#
#.#.## #.#
#.#.# #.#
#.#.####.###
#.#........#
#.#####.##.#
#.# #.##.#
#.# #.##.#


You could see Erica (invisible) and a bullfrog.

Vanquished Creatures
  Sigmund (D:3)
  A wyvern (D:8)
  2 water moccasins
  A sky beast (D:3)
  2 ice beasts (D:6)
  A black bear (D:7)
  An ogre (D:5)
  2 phantoms
  A bullfrog (D:5)
  A wyvern zombie (D:7)
  3 wights (D:7)
  4 howler monkeys
  A centaur zombie (D:6)
  4 hounds
  2 orc priests
  Jessica (D:2)
  An iguana (D:5)
  7 orc wizards
  3 gnolls (D:6)
  3 adders
  A shadow imp (D:6)
  A white imp (D:6)
  An ufetubus (D:5)
  3 adder skeletons
  A worm (D:2)
  4 dart slugs
  17 orcs
  6 ball pythons
  13 bats
  7 endoplasms
  3 giant cockroaches
  4 hobgoblins
  A quokka (D:4)
  3 frilled lizards
  9 goblins
  4 kobolds
  6 rats
126 creatures vanquished.

Notes
Turn   | Place    | Note
-------+----------+-------------------------------------------
     0 | D:1      | styxcanada the Spriggan Brigand began the quest for the
                  | Orb.
     0 | D:1      | Reached XP level 1. HP: 10/10 MP: 2/2
    10 | D:1      | Reached skill level 6 in Stealth
   212 | D:1      | Found Kaur's Weapon Shop.
   285 | D:1      | Found a faded altar of an unknown god.
   333 | D:1      | Reached XP level 2. HP: 14/14 MP: 3/3
   795 | D:1      | Reached skill level 7 in Stealth
  1414 | D:2      | Reached XP level 3. HP: 18/18 MP: 4/4
  1442 | D:2      | Noticed Jessica
  1445 | D:2      | Killed Jessica
  1698 | D:2      | Reached XP level 4. HP: 23/23 MP: 5/5
  2203 | D:3      | Found a runed translucent door.
  2688 | D:3      | Noticed a sky beast
  2690 | D:3      | Killed a sky beast
  2691 | D:3      | Reached skill level 8 in Stealth
  2691 | D:3      | Reached skill level 1 in Evocations
  2691 | D:3      | Reached XP level 5. HP: 26/26 MP: 6/6
  2703 | D:3      | Found a broken altar of Ashenzari.
  2713 | D:3      | Found a shimmering blue altar of Sif Muna.
  2720 | D:3      | Found a hide-covered altar of Uskayaw.
  2726 | D:3      | Found a stormy altar of Qazlal.
  2737 | D:3      | Found a glowing silver altar of Zin.
  2744 | D:3      | Found a white marble altar of Elyvilon.
  2750 | D:3      | Found a burning altar of Makhleb.
  2843 | D:3      | Noticed mitchisshort's ghost (amateur FoFi)
  2897 | D:3      | Noticed an ogre
  2902 | D:3      | Noticed Sigmund
  2932 | D:3      | Killed Sigmund
  2933 | D:3      | Reached skill level 9 in Stealth
  2933 | D:3      | Reached XP level 6. HP: 24/30 MP: 7/7
  3034 | D:3      | Found Cousk's Distillery.
  3039 | D:3      | Bought a potion of degeneration for 14 gold pieces
  3614 | D:4      | Reached skill level 10 in Stealth
  4428 | D:4      | Reached XP level 7. HP: 31/34 MP: 8/8
  4914 | D:5      | Entered Level 5 of the Dungeon
  5001 | D:5      | Reached skill level 11 in Stealth
  5397 | D:5      | Reached XP level 8. HP: 39/39 MP: 9/9
  5727 | D:6      | Reached skill level 12 in Stealth
  5858 | D:6      | Reached skill level 1 in Slings
  6457 | D:7      | Found a staircase to the Ecumenical Temple.
  6466 | Temple   | Entered the Ecumenical Temple
  6475 | Temple   | Became a worshipper of Gozag Ym Sagoz the Greedy
  6493 | D:7      | Reached skill level 5 in Dodging
  6612 | D:7      | Reached skill level 13 in Stealth
  6841 | D:7      | Identified the +1 pair of gloves "Tesutel" {Dex+2}
  7536 | D:8      | Reached skill level 5 in Evocations
  7536 | D:8      | Reached XP level 9. HP: 44/44 MP: 10/10
  7722 | D:8      | Learned a level 1 spell: Foxfire
  7747 | D:8      | Identified the +6 trident of Descent {vorpal, rF+ rCorr
                  | Dex+2}
  7770 | D:8      | Noticed Erica
  7788 | D:8      | Killed from afar by Erica

Illustrated notes

Levels and vault maps discovered:
D:1:      sevenhm_arrival_forest_fort_large_3, layout_basic, serial_shops,
          nicolae_shop_crystal, ebering_ecumenical_altar_hall
D:2:      layout_loops_cross, uniq_jessica
D:3:      layout_basic, grunt_temple_overflow_octagram, ebering_ghost_sewer_d,
          serial_shops, nicolae_shop_hallway_plus, uniq_sigmund
D:4:      layout_basic, minivault_4
D:5:      layout_loops_ring
D:6:      layout_rooms
D:7:      layout_loops_cross, minmay_temple_entry_drinking_statues
D:8:      layout_loops_ring, uniq_erica, uniq_grum
Temple:   cyrus_circular_temple

Skill      XL: |  1  2  3  4  5  6  7  8 |
---------------+-------------------------+-----
Stealth        | 6 7 8 9 10 11 13 | 13.6
Dodging        | 2 3 4 5 |  5.5
Evocations     | 1 2 3 5 |  5.0
Fighting       | 2 3 |  3.4
Short Blades   | 3 4 |  4.5
Throwing       | 3 |  3.8
Slings         | 2 |  2.0

Action                   |  1- 3 |  4- 6 |  7- 9 || total
-------------------------+-------+-------+-------++-------
Melee: Dagger            |    97 |    98 |   153 ||   348
       Punch             |       |     2 |     2 ||     4
 Fire: Hunting sling     |       |       |    10 ||    10
Throw: Dart              |     2 |    35 |    24 ||    61
 Abil: Evoke Invisibilit |       |     1 |       ||     1
  Use: Scroll            |       |     4 |    15 ||    19
 Stab: Sleeping          |    12 |    21 |    15 ||    48
       Invisible         |       |     4 |       ||     4
       Distracted        |       |     1 |     1 ||     2
Armor: Robe              |    13 |     6 |    12 ||    31
Dodge: Dodged            |    70 |    51 |   115 ||   236
